 Dungeon Crawl Stone Soup version 0.23-a0-714-g00c90a0c22 (webtiles) character file.

12 Hercules1031 the Ducker (level 2, 0/21 HPs)
             Began as a Felid Berserker on Jan 16, 2019.
             Was a Follower of Trog.
             Slain by a jackal (2 damage)
             ... on level 1 of the Dungeon.
             The game lasted 00:00:42 (160 turns).

Hercules1031 the Ducker (Felid Berserker)            Turns: 160, Time: 00:00:42

Health: 0/21       AC:  1    Str: 18    XL:     2   Next: 20%
Magic:  3/3        EV: 19    Int:  8    God:    Trog [*.....]
Gold:   0          SH:  0    Dex: 15    Spells: 1/1 levels left
                                        Lives:  0   Deaths: 0

rFire    . . .     SeeInvis +     - Unarmed
rCold    . . .     Gourm    .   (shield unavailable)
rNeg     . . .     Faith    .   (armour unavailable)
rPois    .         Spirit   .   (helmet unavailable)
rElec    .         Reflect  .   (cloak unavailable)
rCorr    .         Harm     .   (gloves unavailable)
MR       .....                  (boots unavailable)
Stlth    ..........             (no amulet)
HPRegen  0.07/turn              (no ring)
MPRegen  0.08/turn              (no ring)

@: berserking, very quick
A: very small, no armour, no weapons or thrown items, stealth, claws 1, fangs 3,
see invisible, carnivore, speed 1, shaggy fur 1, slow metabolism 1, sharp paws
a: Berserk, Renounce Religion


You were on level 1 of the Dungeon.
You worshipped Trog.
Trog was aware of your devotion.
You were not hungry.

You visited 1 branch of the dungeon, and saw 1 of its levels.

Inventory:

Comestibles
 a - 3 rations


   Skills:
 * Level 3.2 Fighting
 + Level 4.1 Dodging
 * Level 3.4 Unarmed Combat


You had one spell level left.
You didn't know any spells.
Your spell library was empty.

Dungeon Overview and Level Annotations

Branches:
Dungeon (1/15)

Altars:


Innate Abilities, Weirdness & Mutations

You cannot wear armour.
You are incapable of wielding weapons or throwing items.
Your paws allow you to move quietly. (Stealth)
You have sharp claws.
You have razor-sharp teeth.
You have supernaturally acute eyesight. (SInv)
You are carnivorous and can eat meat at any time.
You cover ground quickly.
You are covered in fur. (AC +1)
You have a slow metabolism.
Your sharp claws are effective at attacking unaware monsters.


Message History

The jackal completely misses you. The jackal closely misses you.
You barely miss the jackal. You bite the jackal.
The jackal is almost dead.
The jackal completely misses you. The jackal closely misses you.
You miss the jackal.
The jackal is almost dead.
The jackal closely misses you. The jackal barely misses you.
You closely miss the jackal.
The jackal is almost dead.
The jackal misses you. The jackal closely misses you.
You scratch the jackal.
You kill the jackal!
Trog accepts your kill. The jackal bites you.
* * * LOW HITPOINT WARNING * * *
The jackal barely misses you.
A red film seems to cover your vision as you go berserk!
You feel yourself moving faster!
You feel mighty!
You feel a lot more hungry. The jackal bites you.
You die...

. .... ###. #... ...#
#.. #..##$. #....#
######### #....#
##.......## .
#....###.........## ...
#..[.##...........##....
#.(<#.†....†(@h..†..#
#....##....†..h.(.##....
#....###.........## .
#....# ##.......##
#....# ######### #..#..
##.#.. #..##.


You could see 2 jackals.

Vanquished Creatures
  2 bats (D:1)
  A jackal (D:1)
  12 rats (D:1)
15 creatures vanquished.

Notes
Turn   | Place    | Note
-------+----------+-------------------------------------------
     0 | D:1      | Hercules1031 the Felid Berserker began the quest for the
                  | Orb.
     0 | D:1      | Reached XP level 1. HP: 10/10 MP: 2/2
    25 | D:1      | Reached XP level 2. HP: 13/14 MP: 3/3
   160 | D:1      | Slain by a jackal

Vault maps used:
D:1:      erik_arrival_orb_chamber

Action                   || total
-------------------------++-------
Melee: Unarmed           ||    33
       Bite              ||     4
Invok: Berserk           ||     1
Armor: Skin              ||     6
Dodge: Dodged            ||    35

Table legend:
 A = Non-vault XP
 B = Vault XP
 C = Vault XP percentage of total XP
 D = Non-vault monster count
 E = Vault monster count
 F = Vault count percentage of total count
                 A         B        C        D         E       F
            +---------+---------+-------+---------+---------+-------
      Total |       6 |      12 |  66.7 |       3 |      12 |  80.0
            +---------+---------+-------+---------+---------+-------
        D:1 |       6 |      12 |  66.7 |       3 |      12 |  80.0
            +---------+---------+-------+---------+---------+-------
